Construct Section Command Post
Selects Indian Artillery Battlegroup
Selects Towed ML 4.2-inch Heavy Mortar
Towed ML 4.2-inch Heavy Mortar
Construct Platoon Command Post
6-pounder Anti-tank Gun Team
Construct Company Command Post
Selects Off-map Airburst Barrage
Unlock M3 Grant Medium Tanks
Selects Gurkha Rifles Section
Unlock Towed 17-pounder Anti-tank Guns
Towed ML 4.2-inch Heavy Mortar
17-pounder Anti-tank Gun Team
Selects Volunteer Infantry
Selects Perimeter Monitor